[ PARTIDA AOE2 · #506347167 ]
UnrankedChinos vs Franks
Equipo del jugador · VICT
Equipo rival · DERR
[ ANÁLISIS DE REPETICIÓN · EXTRAÍDO DE LA PARTIDA GRABADA ]
Feudal
8:53
Castillos
19:21
Imperial
—
| APM promedio | 41.3 |
| APM pico | 55 |
| eAPM promedio | 17.3 |
| Aldeanos / militares | 48 / 43 |
Foco
⚔️ 34.6% · 🌾 65.4%
Fire Lancer ×26 · Scout Cavalry ×8 · Battering Ram ×4 · Spearman ×3 · Monk ×2
Feudal
11:50
Castillos
22:10
Imperial
—
| APM promedio | 32.9 |
| APM pico | 68 |
| eAPM promedio | 18.6 |
| Aldeanos / militares | 53 / 25 |
Foco
⚔️ 32.0% · 🌾 68.0%
Spearman ×14 · Militia ×11 · Trade Cart ×1
Mapa de la partida
Recursos iniciales + cada clic de construcción. Líneas = muros · curvas = relieve. ◆ oro · ⬟ piedra · ● bayas · ✦ reliquia · ◌ hueco del cierre
Tu base· Abierta — flanco sin cerrar
Base de momentum4000· ✓ Cerrada en 22:10 · 59t muro · 1 puerta(s)
Terreno inicial suavizado · ◌ = hueco del cierre detectado · pasá el cursor para detalles
Inputs por minuto
— sss129458 - - momentum4000
Build order — sss129458
Primeras 150 de 167 acciones detectadas
| 0:02 | Investigar | Loom |
| 0:43 | Encolar | Villager (Male) |
| 0:43 | Encolar | Villager (Male) |
| 1:08 | Encolar | Villager (Male) |
| 1:32 | Encolar | Villager (Male) |
| 1:32 | Encolar | Villager (Male) |
| 1:46 | Construir | Lumber Camp |
| 1:56 | Encolar | Villager (Male) |
| 1:56 | Encolar | Villager (Male) |
| 2:21 | Encolar | Villager (Male) |
| 2:21 | Encolar | Villager (Male) |
| 2:52 | Encolar | Villager (Male) |
| 2:53 | Encolar | Villager (Male) |
| 3:16 | Encolar | Villager (Male) |
| 3:16 | Encolar | Villager (Male) |
| 3:36 | Construir | House |
| 3:39 | Encolar | Villager (Male) |
| 3:40 | Encolar | Villager (Male) |
| 4:03 | Encolar | Villager (Male) |
| 4:04 | Encolar | Villager (Male) |
| 4:53 | Encolar | Villager (Male) |
| 4:56 | Construir | House |
| 4:58 | Encolar | Villager (Male) |
| 5:24 | Encolar | Villager (Male) |
| 5:28 | Construir | Mill |
| 5:51 | Encolar | Villager (Male) |
| 6:43 | Investigar | Feudal Age |
| 6:43 | Investigar | Feudal Age |
| 6:43 | Investigar | Feudal Age |
| 7:14 | Construir | Barracks |
| 7:22 | Encolar | Villager (Male) |
| 8:05 | Construir | House |
| 8:42 | Construir | House |
| 8:45 | Construir | House |
| 8:53 | Edad | Edad Feudal |
| 8:59 | Construir | Stable |
| 9:05 | Investigar | Double-Bit Axe |
| 9:19 | Construir | Palisade Wall |
| 9:20 | Construir | Palisade Wall |
| 9:23 | Construir | Palisade Wall |
| 9:38 | Encolar | Villager (Male) |
| 9:41 | Investigar | Horse Collar |
| 9:57 | Construir | Farm |
| 9:58 | Encolar | Villager (Male) |
| 10:03 | Construir | Farm |
| 10:15 | Encolar | Scout Cavalry |
| 10:16 | Encolar | Scout Cavalry |
| 10:20 | Encolar | Villager (Male) |
| 10:28 | Construir | Farm |
| 10:45 | Encolar | Villager (Male) |
| 10:48 | Encolar | Scout Cavalry |
| 10:59 | Encolar | Villager (Male) |
| 10:59 | Encolar | Villager (Male) |
| 11:03 | Construir | Farm |
| 11:08 | Construir | Farm |
| 11:20 | Encolar | Villager (Male) |
| 11:28 | Encolar | Scout Cavalry |
| 11:31 | Construir | Farm |
| 11:33 | Construir | Farm |
| 11:47 | Encolar | Villager (Male) |
| 12:02 | Encolar | Scout Cavalry |
| 12:05 | Construir | Farm |
| 12:19 | Construir | Farm |
| 12:35 | Encolar | Villager (Male) |
| 12:37 | Encolar | Spearman |
| 12:40 | Construir | Mining Camp |
| 12:46 | Construir | House |
| 12:49 | Encolar | Villager (Male) |
| 12:51 | Encolar | Scout Cavalry |
| 13:05 | Encolar | Scout Cavalry |
| 13:08 | Construir | House |
| 13:11 | Construir | Farm |
| 13:26 | Construir | Watch Tower |
| 13:29 | Encolar | Scout Cavalry |
| 13:32 | Construir | Farm |
| 13:49 | Construir | House |
| 13:50 | Encolar | Villager (Male) |
| 13:51 | Encolar | Villager (Male) |
| 14:00 | Construir | Farm |
| 14:27 | Construir | House |
| 14:28 | Encolar | Villager (Male) |
| 14:31 | Construir | Farm |
| 14:45 | Construir | House |
| 14:53 | Construir | House |
| 14:56 | Construir | Farm |
| 14:56 | Encolar | Villager (Male) |
| 15:01 | Construir | House |
| 15:04 | Construir | Palisade Wall |
| 15:34 | Encolar | Villager (Male) |
| 15:35 | Encolar | Villager (Male) |
| 15:43 | Construir | Blacksmith |
| 15:53 | Construir | House |
| 16:14 | Construir | Palisade Wall |
| 16:29 | Construir | House |
| 16:41 | Investigar | Castle Age |
| 16:41 | Investigar | Castle Age |
| 16:49 | Construir | House |
| 16:52 | Construir | House |
| 17:01 | Construir | House |
| 17:12 | Investigar | Gold Mining |
| 17:12 | Investigar | Gold Mining |
| 17:22 | Construir | House |
| 17:27 | Encolar | Villager (Male) |
| 17:39 | Construir | House |
| 17:55 | Construir | Barracks |
| 18:10 | Investigar | Scale Mail Armor |
| 18:12 | Construir | House |
| 18:14 | Construir | House |
| 18:33 | Encolar | Villager (Male) |
| 18:38 | Construir | Lumber Camp |
| 19:05 | Construir | House |
| 19:15 | Investigar | Arson |
| 19:21 | Edad | Edad de los Castillos |
| 19:24 | Encolar | Spearman |
| 19:25 | Encolar | Spearman |
| 19:28 | Encolar | Fire Lancer |
| 19:28 | Encolar | Fire Lancer |
| 19:34 | Investigar | Bow Saw |
| 19:39 | Investigar | Squires |
| 19:44 | Investigar | Light Cavalry (upgrade) |
| 19:58 | Encolar | Villager (Male) |
| 20:09 | Construir | Siege Workshop |
| 20:20 | Encolar | Fire Lancer |
| 20:21 | Encolar | Fire Lancer |
| 20:29 | Encolar | Fire Lancer |
| 20:42 | Encolar | Villager (Male) |
| 20:42 | Encolar | Villager (Male) |
| 20:47 | Construir | Lumber Camp |
| 21:00 | Encolar | Fire Lancer |
| 21:04 | Encolar | Fire Lancer |
| 21:05 | Encolar | Fire Lancer |
| 21:05 | Encolar | Fire Lancer |
| 21:21 | Encolar | Villager (Male) |
| 21:23 | Investigar | Chain Mail Armor |
| 21:24 | Investigar | Forging |
| 21:26 | Encolar | Fire Lancer |
| 21:26 | Encolar | Fire Lancer |
| 21:44 | Encolar | Villager (Male) |
| 21:45 | Encolar | Fire Lancer |
| 21:46 | Encolar | Fire Lancer |
| 22:00 | Encolar | Fire Lancer |
| 22:00 | Encolar | Fire Lancer |
| 22:14 | Encolar | Fire Lancer |
| 22:14 | Encolar | Fire Lancer |
| 22:24 | Encolar | Battering Ram |
| 22:24 | Encolar | Battering Ram |
| 22:30 | Construir | House |
| 22:33 | Investigar | Wheelbarrow |
| 22:35 | Encolar | Villager (Male) |
| 22:52 | Encolar | Fire Lancer |
Build order — momentum4000
Primeras 150 de 159 acciones detectadas
| 0:02 | Encolar | Villager (Male) |
| 0:02 | Encolar | Villager (Male) |
| 0:02 | Encolar | Villager (Male) |
| 0:03 | Construir | House |
| 0:04 | Construir | House |
| 0:12 | Encolar | Villager (Male) |
| 1:28 | Encolar | Villager (Male) |
| 1:45 | Construir | Lumber Camp |
| 2:04 | Encolar | Villager (Male) |
| 2:24 | Encolar | Villager (Male) |
| 2:50 | Encolar | Villager (Male) |
| 3:15 | Encolar | Villager (Male) |
| 3:24 | Encolar | Villager (Male) |
| 3:53 | Construir | House |
| 3:57 | Encolar | Villager (Male) |
| 4:13 | Encolar | Villager (Male) |
| 5:03 | Construir | Barracks |
| 5:06 | Encolar | Villager (Male) |
| 5:18 | Encolar | Villager (Male) |
| 5:31 | Construir | House |
| 5:33 | Encolar | Villager (Male) |
| 5:39 | Encolar | Villager (Male) |
| 5:57 | Construir | House |
| 6:00 | Encolar | Militia |
| 6:11 | Construir | House |
| 6:12 | Encolar | Villager (Male) |
| 6:15 | Encolar | Militia |
| 6:22 | Encolar | Militia |
| 6:30 | Construir | Palisade Wall |
| 6:35 | Construir | Palisade Wall |
| 6:36 | Encolar | Villager (Male) |
| 6:51 | Encolar | Villager (Male) |
| 7:12 | Investigar | Loom |
| 7:15 | Encolar | Villager (Male) |
| 7:38 | Construir | Palisade Wall |
| 7:47 | Construir | Mill |
| 8:16 | Encolar | Villager (Male) |
| 8:21 | Construir | Palisade Wall |
| 8:32 | Encolar | Villager (Male) |
| 8:37 | Construir | Palisade Wall |
| 9:35 | Construir | Farm |
| 9:40 | Investigar | Feudal Age |
| 9:40 | Investigar | Feudal Age |
| 9:44 | Construir | Palisade Wall |
| 10:08 | Construir | Mining Camp |
| 10:16 | Construir | Palisade Wall |
| 10:29 | Encolar | Villager (Male) |
| 10:43 | Construir | Palisade Wall |
| 11:08 | Construir | Palisade Wall |
| 11:32 | Construir | Mill |
| 11:35 | Construir | Palisade Wall |
| 11:38 | Construir | Palisade Wall |
| 11:40 | Encolar | Villager (Male) |
| 11:45 | Construir | Palisade Wall |
| 11:50 | Edad | Edad Feudal |
| 12:04 | Encolar | Spearman |
| 12:07 | Construir | Farm |
| 12:07 | Encolar | Villager (Male) |
| 12:09 | Investigar | Double-Bit Axe |
| 12:19 | Construir | Farm |
| 12:28 | Construir | Lumber Camp |
| 12:31 | Construir | House |
| 12:34 | Encolar | Villager (Male) |
| 12:45 | Construir | Farm |
| 12:45 | Encolar | Villager (Male) |
| 12:48 | Encolar | Villager (Male) |
| 12:50 | Construir | Farm |
| 13:06 | Construir | Farm |
| 13:10 | Construir | House |
| 13:18 | Construir | Farm |
| 13:20 | Encolar | Villager (Male) |
| 13:30 | Construir | House |
| 13:32 | Encolar | Villager (Male) |
| 13:41 | Construir | Farm |
| 13:46 | Construir | Palisade Wall |
| 13:59 | Construir | Watch Tower |
| 14:02 | Encolar | Villager (Male) |
| 14:13 | Construir | Farm |
| 14:14 | Encolar | Villager (Male) |
| 14:38 | Encolar | Villager (Male) |
| 14:41 | Construir | Farm |
| 14:56 | Construir | Farm |
| 15:08 | Encolar | Villager (Male) |
| 15:15 | Construir | Farm |
| 15:24 | Construir | Palisade Gate |
| 15:27 | Construir | House |
| 15:31 | Construir | House |
| 15:31 | Encolar | Villager (Male) |
| 15:33 | Encolar | Spearman |
| 15:42 | Construir | Farm |
| 15:43 | Encolar | Villager (Male) |
| 15:54 | Construir | Palisade Wall |
| 16:06 | Construir | Archery Range |
| 16:09 | Encolar | Spearman |
| 16:09 | Encolar | Villager (Male) |
| 16:13 | Construir | House |
| 16:27 | Encolar | Spearman |
| 16:39 | Construir | Palisade Gate |
| 16:45 | Encolar | Villager (Male) |
| 16:49 | Construir | Farm |
| 17:06 | Construir | Market |
| 17:09 | Encolar | Spearman |
| 17:21 | Construir | Farm |
| 17:31 | Construir | House |
| 17:40 | Encolar | Villager (Male) |
| 17:43 | Construir | Farm |
| 18:01 | Encolar | Villager (Male) |
| 18:03 | Construir | Farm |
| 18:05 | Encolar | Villager (Male) |
| 18:12 | Encolar | Trade Cart |
| 18:30 | Construir | Stable |
| 18:35 | Construir | House |
| 18:39 | Encolar | Villager (Male) |
| 18:44 | Construir | Farm |
| 19:01 | Encolar | Villager (Male) |
| 19:03 | Construir | Farm |
| 19:30 | Investigar | Castle Age |
| 19:33 | Construir | Farm |
| 19:37 | Encolar | Spearman |
| 19:52 | Construir | House |
| 20:00 | Construir | Blacksmith |
| 20:05 | Encolar | Spearman |
| 20:27 | Investigar | Man-at-Arms (upgrade) |
| 20:45 | Encolar | Villager (Male) |
| 20:49 | Construir | Mining Camp |
| 20:55 | Encolar | Spearman |
| 20:57 | Encolar | Villager (Male) |
| 21:07 | Encolar | Spearman |
| 21:18 | Encolar | Militia |
| 21:20 | Encolar | Villager (Male) |
| 21:23 | Encolar | Villager (Male) |
| 21:24 | Encolar | Villager (Male) |
| 21:31 | Encolar | Militia |
| 21:31 | Encolar | Militia |
| 21:37 | Investigar | Scale Mail Armor |
| 21:40 | Construir | House |
| 21:56 | Encolar | Spearman |
| 21:56 | Encolar | Spearman |
| 22:02 | Construir | Palisade Wall |
| 22:10 | Edad | Edad de los Castillos |
| 22:12 | Encolar | Spearman |
| 22:12 | Encolar | Spearman |
| 22:23 | Encolar | Spearman |
| 22:28 | Investigar | Pikeman (upgrade) |
| 22:36 | Construir | House |
| 22:39 | Construir | Palisade Wall |
| 22:41 | Encolar | Villager (Male) |
| 23:02 | Encolar | Villager (Male) |
| 23:09 | Encolar | Villager (Male) |
| 23:20 | Encolar | Villager (Male) |
Cronología de la partida
| 5:03 | momentum4000 · first_building Barracks |
| 6:30 | momentum4000 · wall_segment Palisade Wall x2 |
| 6:35 | momentum4000 · wall_segment Palisade Wall x7 |
| 7:14 | sss129458 · first_building Barracks |
| 7:38 | momentum4000 · wall_segment Palisade Wall x4 |
| 8:21 | momentum4000 · wall_segment Palisade Wall x3 |
| 8:37 | momentum4000 · wall_segment Palisade Wall x5 |
| 8:53 | sss129458 · age_up feudal |
| 8:59 | sss129458 · first_building Stable |
| 9:19 | sss129458 · wall_segment Palisade Wall x1 |
| 9:20 | sss129458 · wall_segment Palisade Wall x1 |
| 9:23 | sss129458 · wall_segment Palisade Wall x1 |
| 9:44 | momentum4000 · wall_segment Palisade Wall x6 |
| 10:16 | momentum4000 · wall_segment Palisade Wall x6 |
| 10:43 | momentum4000 · wall_segment Palisade Wall x6 |
| 11:08 | momentum4000 · wall_segment Palisade Wall x6 |
| 11:35 | momentum4000 · wall_segment Palisade Wall x3 |
| 11:38 | momentum4000 · wall_segment Palisade Wall x5 |
| 11:45 | momentum4000 · wall_segment Palisade Wall x7 |
| 11:50 | momentum4000 · age_up feudal |
| 13:46 | momentum4000 · wall_segment Palisade Wall x1 |
| 15:04 | sss129458 · wall_segment Palisade Wall x4 |
| 15:54 | momentum4000 · wall_segment Palisade Wall x2 |
| 16:06 | momentum4000 · first_building Archery Range |
| 16:14 | sss129458 · wall_segment Palisade Wall x1 |
| 18:10 | momentum4000 · first_market_buy 100 food |
| 18:30 | momentum4000 · first_building Stable |
| 18:58 | momentum4000 · first_market_sell 100 wood |
| 19:21 | sss129458 · age_up castle |
| 20:09 | sss129458 · first_building Siege Workshop |
| 22:02 | momentum4000 · wall_segment Palisade Wall x2 |
| 22:10 | momentum4000 · age_up castle |
| 22:39 | momentum4000 · wall_segment Palisade Wall x1 |
| 23:12 | sss129458 · first_building Monastery |
| 23:29 | momentum4000 · first_building Castle |
| 23:50 | momentum4000 · wall_segment Palisade Wall x2 |
| 25:03 | momentum4000 · resign |
[ ANÁLISIS IA · 1 CRÉDITO ]
¿Qué pasó realmente en esta partida?
Wolo.gg analiza cada decisión: build order, eco, micro, errores típicos por bracket. Análisis personalizado por WhatsApp o Discord en 30 segundos.
Guía civ
Chinos
Perfil
Jugador #19194526